 Dungeon Crawl Stone Soup version 0.31-a0-233-g139696dc86 (webtiles) character file.

Game seed: 17442169195916931750

2116 coffeetime the Protected (level 9, -3/81 HPs)
             Began as a Minotaur Berserker on July 9, 2023.
             Was a Priest of Trog.
             Slain by a troll (12 damage)
             ... on level 8 of the Dungeon.
             The game lasted 00:18:17 (6167 turns).

coffeetime the Protected (Minotaur Berserker)       Turns: 6167, Time: 00:18:18

Health: -3/81      AC: 10    Str: 26    XL:     9   Next: 8%
Magic:  8/8        EV: 13    Int:  4    God:    Trog [***...]
Gold:   257        SH:  5    Dex: 13    Spells: 8/8 levels left

rFire   + . .        M - +4 flail
rCold   . . .        (no shield)
rNeg    + . .        A - +2 ring mail "Soewn" {rF+ rN+ Dex+3}
rPois   .            (helmet restricted)
rElec   .            E - +0 cloak
rCorr   .            (no gloves)
SInv    .            (no boots)
Will    ++...        w - amulet of reflection
Stlth   +            n - ring of flight
HPRegen 1.33/turn    (no ring)
MPRegen 0.11/turn

%: reflection
@: strong-willed, on berserk cooldown, flying, regenerating
A: horns 2, retaliatory headbutt
a: Renounce Religion, Berserk, Trog's Hand


You were on level 8 of the Dungeon.
You worshipped Trog.
Trog was most pleased with you.
You visited 1 branch of the dungeon, and saw 8 of its levels.

You collected 329 gold pieces.
You spent 72 gold pieces at shops.

Inventory:

Hand Weapons
 m - a +0 sling
 u - a +0 shortbow
 D - a +1 spear of freezing
 L - a +2 flail of draining
 M - a +4 flail (weapon)
Missiles
 h - 60 stones (quivered)
 l - 14 poisoned darts
 q - 5 curare-tipped darts
 x - a throwing net
Armour
 A - the +2 ring mail "Soewn" (worn) {rF+ rN+ Dex+3}
   (You found it on level 3 of the Dungeon)

   Dex:       It affects your dexterity (+3).
   rF:        It protects you from fire.
   rN:        It protects you from negative energy.
 E - a +0 cloak (worn)
 F - a +0 plate armour
 J - the +5 ring mail of Festooned Creativity {Contam rElec rPois}
   (You found it on level 5 of the Dungeon)

   rElec:     It insulates you from electricity.
   rPois:     It protects you from poison.
   Contam:    It causes magical contamination when unequipped.
Jewellery
 n - a ring of flight (left hand)
 w - an amulet of reflection (around neck)
 I - a ring of see invisible
Wands
 B - a wand of flame (20)
 C - a wand of digging (1)
Scrolls
 b - a scroll of fear
 c - 2 scrolls of teleportation
 e - 2 scrolls of immolation
 f - 2 scrolls of brand weapon {unknown}
 g - 2 scrolls of enchant armour {unknown}
 i - a scroll of butterflies
 o - 3 scrolls of blinking {unknown}
 p - 2 scrolls of enchant weapon
 t - 2 scrolls of silence
 y - a scroll of revelation {unknown}
 z - a scroll of acquirement {unknown}
 G - 3 scrolls of fog {unknown}
 K - a scroll of poison {unknown}
Potions
 a - a potion of brilliance {unknown}
 d - a potion of mutation {unknown}
 j - a potion of haste {unknown}
 k - 7 potions of curing
 r - 4 potions of attraction {unknown}
 s - 4 potions of heal wounds {unknown}
 v - 2 potions of enlightenment {unknown}
 H - a potion of ambrosia {unknown}


   Skills:
 + Level 8.0 Fighting
 - Level 4.1 Axes
 - Level 0.1(2.5) Polearms
 - Level 4.2 Throwing
 + Level 8.6 Armour
 + Level 6.4 Dodging
 + Level 2.0 Stealth


You had 8 spell levels left.
You didn't know any spells.
Your spell library was empty.

Dungeon Overview and Level Annotations

Branches:
Dungeon (8/15)             Temple (0/1) D:5
   Lair: D:8-11

Altars:
Cheibriados
Gozag
Kikubaaqudgha
Okawaru
Sif Muna
Xom
Yredelemnul

Shops:
D:6 ?

Annotations:
D:2 1 runed translucent door, Crazy Yiuf
D:3 2 runed translucent doors, MrSquiggles's ghost, amateur MiFi


Innate Abilities, Weirdness & Mutations

You have a pair of horns on your head.
You reflexively headbutt those who attack you in melee.


Message History

Things that are here:
a +0 flail; a +0 robe The troll attacks as you move away!
The troll bites you. The troll claws you. The troll barely misses you.
The orc warrior attacks as you move away!
The orc warrior misses you. You furiously retaliate!
You headbutt the orc warrior! The troll bites you. The troll claws you! x2
There is a stone staircase leading up, spattered with blood here.
Items here: )))) [[ †.
You sock the troll!
The troll is heavily wounded.
The troll barely misses you. The troll claws you.
The troll claws you but does no damage.
You barely miss the troll.
The troll is moderately wounded.
The troll bites you! The troll claws you but does no damage.
The troll claws you. You block the troll's attack.
The troll claws you but does no damage. The troll misses you.
You feel better. You block the troll's attack.
The troll claws you but does no damage. The troll misses you.
The troll bites you. The troll claws you!
* * * LOW HITPOINT WARNING * * *
The troll misses you.
Your ogre goes berserk!
You can no longer call in reinforcements.
The troll closely misses you. The troll claws you but does no damage.
You block the troll's attack. The troll attacks as you move away!
The troll bites you!
* * * LOW HITPOINT WARNING * * *
The troll claws you!
* * * LOW HITPOINT WARNING * * *
The troll misses you.
You feel yourself speed up.
Your ogre closely misses the troll.
The troll bites you but does no damage. You block the troll's attack.
The troll claws you.
* * * LOW HITPOINT WARNING * * *
You bludgeon the troll!!
The troll is severely wounded.
Your ogre barely misses the troll.
The troll bites you!
You die...

#.# ...# ##.## #.# ....#
##...# #.# ....#
.$..###.##.....
#...##.........
#...##......... #
#...##.........
#.#...##O...#
#....oST@...# ...
####.####......# ...
........)..........< ...
##........############.#
# #....##S#... .....>..#
.. ..### 8.####.
........# ... . ..'
...$......#.... ..#
....!...<..... ####
........##.#.


You could see a troll (ally target), an orc warrior, a water moccasin and a
friendly ogre (summoned, berserk).

Vanquished Creatures
  Sigmund (D:5)
  A steam dragon (D:7)
  A water moccasin (D:7)
  An ice beast (D:6)
  A black bear (D:7)
  A sky beast (D:7)
  2 orc warriors
  An ogre (D:6)
  A centaur (D:5)
  2 bullfrogs
  A scorpion (D:6)
  4 wights
  2 hounds
  3 jellies
  3 orc priests
  A gnoll bouda (D:7)
  2 iguanas (D:5)
  5 orc wizards
  11 gnolls
  8 adders
  A white imp (D:6)
  A worm (D:3)
  3 dart slugs
  18 orcs
  5 endoplasms
  7 giant cockroaches
  8 goblins
  7 hobgoblins
  3 jackals (D:3)
  10 kobolds
  5 quokkas
  3 ball pythons
  2 bats
  4 frilled lizards
  3 rats
132 creatures vanquished.

Vanquished Creatures (others)
  A gnoll (D:7)
1 creature vanquished.

Grand Total: 133 creatures vanquished

Notes
Turn   | Place    | Note
-------+----------+-------------------------------------------
     0 | D:1      | coffeetime the Minotaur Berserker began the quest for the
                  | Orb.
     0 | D:1      | Reached XP level 1. HP: 19/19 MP: 0/0
   145 | D:1      | Reached XP level 2. HP: 26/27 MP: 1/1
   261 | D:1      | You fall into a shaft and drop 1 floor!
   464 | D:2      | Reached ** piety under Trog
   538 | D:1      | Reached XP level 3. HP: 33/34 MP: 2/2
  1212 | D:2      | Found a runed translucent door.
  1213 | D:2      | Noticed Crazy Yiuf
  1236 | D:2      | Found a basalt altar of Yredelemnul.
  1467 | D:3      | Found a faded altar of an unknown god.
  1472 | D:3      | Found an ancient bone altar of Kikubaaqudgha.
  1592 | D:3      | Found a large runed translucent door.
  1592 | D:3      | Found a large runed translucent door.
  1597 | D:3      | Identified the +2 ring mail "Soewn" {rF+ rN+ Dex+3}
  1597 | D:3      | Noticed MrSquiggles's ghost (amateur MiFi)
  1646 | D:3      | Reached XP level 4. HP: 41/41 MP: 3/3
  1796 | D:3      | Found a shimmering altar of Xom.
  1810 | D:3      | Found a snail-covered altar of Cheibriados.
  2058 | D:4      | Identified the +5 ring mail of Happiness {Harm Rampage
                  | rPois}
  2272 | D:4      | Reached *** piety under Trog
  2273 | D:4      | Reached skill level 5 in Fighting
  2276 | D:4      | Reached skill level 1 in Throwing
  2276 | D:4      | Reached XP level 5. HP: 25/48 MP: 4/4
  2549 | D:5      | Entered Level 5 of the Dungeon
  2717 | D:5      | Noticed Sigmund
  2734 | D:6      | Found an opulent altar of Gozag.
  2754 | D:6      | Reached XP level 6. HP: 56/56 MP: 5/5
  2793 | D:6      | Noticed an orc warrior
  2804 | D:6      | Killed an orc warrior
  2805 | D:6      | Reached skill level 1 in Stealth
  3068 | D:6      | Reached XP level 7. HP: 61/62 MP: 6/6
  3126 | D:6      | Reached skill level 5 in Armour
  3281 | D:6      | Found a shimmering blue altar of Sif Muna.
  3355 | D:6      | Found Noefown's Magic Scroll Emporium.
  3393 | D:6      | Bought a scroll of identify for 24 gold pieces
  3400 | D:6      | Bought a scroll of identify for 24 gold pieces
  3400 | D:6      | Bought a scroll of identify for 24 gold pieces
  3985 | D:5      | Found an iron altar of Okawaru.
  4207 | D:5      | Identified the +5 ring mail of Festooned Creativity {Contam
                  | rElec rPois}
  4361 | D:5      | Reached skill level 5 in Dodging
  4639 | D:5      | Found a staircase to the Ecumenical Temple.
  4708 | D:5      | Killed Sigmund
  4709 | D:5      | Reached XP level 8. HP: 71/71 MP: 7/7
  5319 | D:7      | Reached **** piety under Trog
  6146 | D:8      | Reached XP level 9. HP: 81/81 MP: 8/8
  6155 | D:8      | Noticed a troll
  6167 | D:8      | Slain by a troll

Illustrated notes

Levels and vault maps discovered:
D:1:      nicolae_arrival_memento_mori, layout_rooms
D:2:      layout_loops_cross, basic_altar, grunt_decor_fettered,
          uniq_crazy_yiuf_cottage
D:3:      layout_basic, nicolae_overflow_ecumenical_swirl,
          mainiacjoe_overflow_cross_hatched,
          mainiacjoe_overflow_concentric_impassable, ebering_ghost_disaster_area
D:4:      layout_cave_pools, grunt_decor_mini_mirrors
D:5:      layout_loops_corners, okawaru_trees_1,
          minmay_temple_entry_statues_pillars, corexii_item_surrounded_by_moat,
          minmay_misc_feat_x, hex_medium, uniq_sigmund
D:6:      layout_loops_ring, lemuel_blue_sif_altar,
          mainiacjoe_overflow_brackets, serial_shops, shop, sigmund_army
D:7:      layout_cave_pools, serial_co_window_serial, co_window_paths_a,
          co_window_corner_a, co_window_corner_a, co_window_cross_1,
          co_window_paths_b, co_window_of_opportunity_a, co_window_corner_cb,
          co_window_of_opportunity_b, co_window_broadway_b, co_window_4corner_b,
          co_window_paths_d, patterned_corridor
D:8:      minmay_chambers_of_sixes, layout_basic, kennysheep_ying_yang,
          grunt_lair_entry_orc_guard_hut

Skill      XL: |  1  2  3  4  5  6  7  8  9 |
---------------+----------------------------+-----
Fighting       | 4 5 6 7 8 |  8.0
Axes           | 4 |  4.1
Armour         | 3 4 6 8 |  8.6
Dodging        | 3 4 5 6 |  6.4
Throwing       | 1 2 3 4 |  4.2
Stealth        | 1 2 |  2.0
Polearms       | |  0.1

Action                     |  1- 3 |  4- 6 |  7- 9 || total
---------------------------+-------+-------+-------++-------
  Melee: Hand axe          |   106 |       |       ||   106
         Headbutt          |    13 |    14 |    29 ||    56
         Spear             |       |    15 |       ||    15
         Whip              |       |    61 |   104 ||   165
         War axe           |       |     4 |       ||     4
         Punch             |       |     2 |     1 ||     3
         Flail             |       |       |    67 ||    67
 Invoke: Berserk           |       |     1 |     3 ||     4
         Trog's Hand       |       |     1 |     2 ||     3
         Brothers in Arms  |       |       |     1 ||     1
    Use: Scroll            |       |       |     8 ||     8
         Potion            |       |       |     1 ||     1
 Armour: Animal skin       |     4 |       |       ||     4
         Leather armour    |    14 |       |       ||    14
         Ring mail         |       |    18 |    60 ||    78
  Dodge: Dodged            |    73 |    41 |   108 ||   222
  Block: Other             |     7 |    10 |    68 ||    85
         Reflection        |       |     1 |     1 ||     2

Table legend: (Time is in decaauts)
 A = Elapsed time spent in this place.
 B = Non-inter-level travel time spent in this place.
 C = Inter-level travel time spent in this place.
 D = Time resting spent in this place.
 E = Time spent auto-exploring this place.
 F = Levels seen in this place.
 G = Mean time per level.
                   A        B        C        D        E       F      G
               +--------+--------+--------+--------+--------+-----+--------+
         Total |   6224 |   5587 |    637 |    156 |   4098 |   8 |  778.0 |
       Dungeon |   6224 |   5587 |    637 |    156 |   4098 |   8 |  778.0 |
               +--------+--------+--------+--------+--------+-----+--------+

Top non-repeatable levels by time:
     D:7: 1366 daAuts
     D:6: 1222 daAuts
     D:5: 1030 daAuts
     D:2: 811 daAuts
     D:3: 635 daAuts
     D:1: 557 daAuts
     D:4: 554 daAuts
     D:8: 46 daAuts
